Map: Heavy Artillery LE

Players

SILYR

  • Race: Protoss Protoss
  • Spawn Location: 7:00

tholne

  • Race: Protoss Protoss
  • Spawn Location: 7:00

Nyck

  • Race: Terran Terran
  • Spawn Location: 1:00

Ekelpack

  • Race: Zerg Zerg
  • Spawn Location: 3:00

VOD

Have the link to the VOD?

Description

Time

  • Played on: Nov. 16, 2020, 12:30 p.m.
  • Length: 11:53
Show
View Real Time Build Order
Export as new Build Order

SILYR Protoss 

Build Orders: Oracle Opening, Phoenix Opening, Carriers, Carrier Rush 

Get SALT Encoding   

  12  0:01  Probe  
  13  0:13  Probe  
  14  0:17  Pylon  
  14  0:26  Probe  
  15  0:42  Gateway  
  15  0:44  Probe (Chrono Boost)  
  16  0:52  Assimilator  
  16  0:55  Probe (Chrono Boost)  
  16  0:56  Assimilator  
  17  0:59  Probe (Chrono Boost)  
  18  1:22  Probe (Chrono Boost)  
  19  1:30  Cybernetics Core  
  19  1:34  Probe (Chrono Boost)  
  20  1:42  Probe (Chrono Boost)  
  21  1:54  Assimilator  
  21  2:03  Probe  
  22  2:08  Nexus  
  22  2:20  Probe (Chrono Boost)  
  23  2:27  Stargate  
  23  2:28  Pylon  
  23  2:29  Warp Gate  
  23  2:46  Adept, Probe  
  26  2:58  Probe  
  27  3:07  Oracle (Chrono Boost)  
  27  3:10  Probe  
  31  3:22  Fleet Beacon  
  31  3:25  Probe (Chrono Boost)  
  33  3:27  Probe (Chrono Boost)  
  34  3:35  Probe (Chrono Boost)  
  34  3:37  Probe (Chrono Boost)  
  34  3:40  Probe (Chrono Boost)  
  35  3:47  Probe  
  37  3:51  Probe  
  37  3:52  Pylon  
  37  3:54  Phoenix  
  40  3:59  Probe  
  41  4:03  Probe  
  42  4:25  Carrier  
  42  4:27  Probe x2  
  50  4:32  Assimilator  
  50  4:36  Assimilator  
  50  4:39  Probe (Chrono Boost)  
  50  4:42  Probe (Chrono Boost)  
  52  4:50  Probe (Chrono Boost)  
  52  4:51  Probe (Chrono Boost)  
  54  5:07  Nexus  
  54  5:08  Pylon  
  54  5:12  Pylon  
  54  5:13  Probe x2  
  53  5:26  Probe x2  
  55  5:29  Carrier  
  55  5:35  Stargate  
  61  5:38  Probe x2  
  63  5:56  Probe x2  
  65  6:08  Probe  
  65  6:09  Probe  
  60  6:20  Gateway, Probe  
  60  6:21  Probe  
  60  6:24  Gateway  
  60  6:28  Gateway  
  60  6:31  Gateway  
  56  6:51  Phoenix x2  
  57  7:00  Probe x2 (Chrono Boost)  
  57  7:01  Probe (Chrono Boost)  
  59  7:10  Probe x2 (Chrono Boost)  
  59  7:11  Probe (Chrono Boost), Stargate  
  59  7:15  Probe x2 (Chrono Boost)  
  62  7:16  Phoenix x2  
  62  7:18  Stalker x2  
  62  7:20  Stalker  
  73  7:37  Stalker x2  
  73  7:41  Probe x3  
  75  7:53  Probe x2  
  75  7:54  Probe  
  75  7:56  Phoenix  
  82  8:02  Stalker  
  84  8:11  Pylon  
  84  8:16  Pylon  
  82  8:20  Pylon  
  82  8:30  Stalker x2, Carrier  
  92  8:34  Stalker  
  92  8:35  Carrier  
  92  8:38  Stalker x2  
  104  9:01  Stalker  
  104  9:02  Stalker  
  108  9:41  Pylon  
  108  9:43  Pylon  
  108  9:45  Pylon x2  
  108  9:46  Pylon  
  108  9:47  Pylon  
  108  9:48  Pylon x2  
  108  9:50  Pylon  
  108  9:51  Twilight Council  
  108  9:52  Pylon  
  108  9:54  Forge  
  108  9:58  Pylon  
  108  9:59  Gateway  
  114  10:00  Carrier  
  114  10:15  Stalker  
  114  10:16  Stalker x4  
  114  10:18  Gateway  
  114  10:20  Gateway  
  124  10:22  Gateway  
  124  10:26  Carrier  
  130  10:28  Probe  
  130  10:29  Probe  
  118  11:03  Stalker x3  
  116  11:05  Stalker  
  116  11:07  Sentry  
Show
View Real Time Build Order
Export as new Build Order

tholne Protoss 

Build Orders:  

Get SALT Encoding   

  12  0:00  Probe  
  13  0:15  Pylon  
  13  0:18  Probe  
  14  0:30  Probe  
  15  0:36  Gateway  
  15  0:42  Probe  
  16  0:54  Probe (Chrono Boost)  
  17  0:57  Assimilator  
  17  1:06  Probe (Chrono Boost)  
  18  1:22  Forge  
  18  1:25  Cybernetics Core  
  18  1:29  Probe (Chrono Boost)  
  19  1:39  Probe (Chrono Boost)  
  20  1:40  Gateway  
  20  1:47  Gateway  
  20  1:48  Probe  
  21  1:59  Assimilator  
  21  2:10  Twilight Council  
  21  2:13  Pylon  
  21  2:15  Probe (Chrono Boost)  
  22  2:27  Warp Gate  
  22  2:32  Probe  
  23  2:52  Probe  
  23  2:57  Charge, Nexus  
  24  3:13  Pylon  
  24  3:21  Protoss Ground Weapons Level 1  
  24  3:28  Robotics Facility  
  24  3:36  Shield Battery  
  24  3:37  Shield Battery  
  24  3:40  Probe  
  25  3:47  Assimilator  
  25  3:50  Assimilator  
  25  3:52  Probe  
  26  4:03  Gateway  
  26  4:11  Probe x2  
  28  4:22  Stalker  
  28  4:23  Probe x2  
  32  4:35  Warp Prism, Probe x2  
  32  4:37  Blink  
  36  4:47  Probe  
  36  4:50  Probe  
  38  4:59  Probe  
  39  5:03  Gateway x2, Probe  
  40  5:22  Probe x2  
  42  5:34  Probe x2  
  44  5:46  Probe  
  45  5:52  Zealot x3  
  51  5:58  Zealot  
  49  6:07  Stalker  
  45  6:15  Stalker x2  
  45  6:16  Stalker  
  51  6:42  Stalker  
  53  6:50  Pylon, Probe  
  53  6:52  Pylon  
  54  6:54  Pylon  
  54  7:08  Probe x2  
  56  7:20  Probe x2  
  57  7:25  Stalker  
  57  7:26  Stalker x4  
  67  7:33  Probe x2  
  69  8:07  Stalker  
  69  8:08  Stalker x3  
  77  8:13  Nexus  
  77  8:38  Pylon  
  77  8:40  Pylon  
  77  8:44  Pylon  
  77  9:00  Stalker x3  
  77  9:01  Stalker x2  
  87  9:51  Stalker x5  
  97  9:53  Probe  
  97  9:54  Probe  
  99  10:05  Probe  
  99  10:06  Probe  
  101  10:09  Probe  
  102  10:18  Probe x2  
  104  10:22  Probe  
  105  10:30  Probe x2  
  105  10:34  Probe  
  108  10:42  Probe x2  
  110  10:46  Probe  
  111  10:54  Probe  
  88  11:11  Stalker x2  
  88  11:12  Stalker x3  
Show
View Real Time Build Order
Export as new Build Order

Nyck Terran 

Build Orders: 2 Factory 

Get SALT Encoding   

  12  0:01  SCV  
  13  0:13  SCV  
  14  0:25  Supply Depot, SCV  
  15  0:48  SCV  
  16  0:50  Barracks  
  16  0:58  Refinery  
  16  1:01  SCV  
  16  1:02  Refinery  
  17  1:13  SCV  
  19  1:25  SCV  
  19  1:41  Orbital Command  
  19  1:46  Factory  
  19  1:55  Barracks Reactor  
  19  2:00  Supply Depot  
  19  2:10  SCV  
  20  2:29  Supply Depot  
  20  2:30  SCV  
  21  2:39  Factory  
  21  2:40  Barracks Tech Lab  
  21  2:42  SCV  
  22  2:45  Hellion x2  
  26  3:06  Hellion x2  
  26  3:11  SCV  
  31  3:29  Starport  
  31  3:47  Barracks Tech Lab, Command Center  
  31  3:51  Infernal Pre-Igniter  
  31  4:02  Siege Tank  
  34  4:16  Medivac  
  36  4:29  Engineering Bay  
  38  4:35  SCV  
  37  5:18  Command Center  
  37  5:21  Armory  
  38  5:35  SCV  
  38  5:47  SCV  
  39  5:50  Missile Turret  
  36  6:10  Missile Turret  
  32  6:28  SCV  
  32  6:31  Missile Turret  
  23  6:40  SCV, Thor x2  
  36  6:48  Liberator  
  36  6:52  SCV  
  40  7:03  Terran Vehicle And Ship Armor Level 1  
  40  7:04  SCV  
  41  7:11  Supply Depot  
  41  7:13  Supply Depot  
  41  7:16  SCV  
  41  7:21  Orbital Command  
  42  7:34  Orbital Command, Refinery x2  
  42  7:36  Supply Depot  
  42  7:38  Supply Depot  
  42  7:47  Armory  
  42  7:52  Thor  
  42  7:58  SCV  
  49  8:02  SCV  
  50  8:10  SCV  
  51  8:19  SCV x2  
  53  8:22  SCV  
  54  8:31  Refinery  
  54  8:34  SCV, Thor, Refinery  
  54  8:40  Siege Tank  
  64  8:46  SCV  
  65  8:57  Factory  
  65  8:58  SCV  
  66  9:11  SCV  
  66  9:13  Siege Tank  
  65  9:44  Factory  
  66  9:54  Thor  
  69  10:04  Factory Tech Lab  
  69  10:08  SCV  
  70  10:20  SCV  
  71  10:28  SCV  
  72  10:30  Factory  
  72  10:32  SCV  
  73  10:37  Hellion x4  
  73  10:40  SCV  
  82  10:44  SCV  
  83  10:52  SCV  
  83  10:56  SCV  
  76  10:58  Hellion x3  
  76  10:59  Hellion  
  51  11:19  Hellion x2  
Show
View Real Time Build Order
Export as new Build Order

Ekelpack Zerg 

Build Orders: Hatch First 

Get SALT Encoding   

  12  0:00  Drone  
  13  0:12  Overlord  
  13  0:16  Drone  
  14  0:31  Drone x2  
  16  0:49  Hatchery  
  15  0:52  Drone  
  16  1:07  Spawning Pool  
  16  1:09  Drone  
  16  1:14  Drone  
  17  1:18  Drone  
  17  1:23  Drone  
  19  1:31  Overlord  
  19  1:40  Extractor  
  19  1:41  Drone  
  19  1:54  Queen  
  21  2:09  Drone  
  21  2:10  Queen  
  24  2:19  Drone x3  
  24  2:22  Zergling x2  
  28  2:27  Drone  
  29  2:44  Drone  
  29  2:45  Drone  
  29  2:49  Lair  
  31  2:56  Extractor  
  31  2:58  Drone x3, Extractor  
  32  3:06  Drone x3  
  32  3:07  Drone  
  32  3:09  Overlord  
  36  3:28  Metabolic Boost  
  36  3:29  Overlord  
  36  3:34  Drone x3  
  39  3:35  Zergling x2  
  39  3:36  Zergling x4  
  42  3:41  Drone  
  42  3:46  Extractor  
  42  3:51  Spire  
  42  3:54  Drone  
  42  3:55  Drone x3  
  45  3:57  Overlord  
  45  3:59  Drone x2  
  45  4:00  Drone  
  43  4:23  Drone x4  
  47  4:28  Evolution Chamber  
  46  4:35  Drone  
  46  4:36  Queen  
  49  4:45  Overseer  
  49  4:48  Drone  
  50  5:00  Spore Crawler  
  43  5:21  Drone  
  43  5:22  Drone x2, Mutalisk x2  
  43  5:23  Mutalisk x5  
  43  5:24  Overlord  
  43  5:27  Zerg Flyer Weapons Level 1  
  60  5:28  Overlord  
  60  5:44  Mutalisk x2  
  60  5:45  Mutalisk  
  60  5:46  Queen  
  66  6:14  Overlord, Mutalisk x2  
  66  6:15  Mutalisk  
  66  6:16  Zergling x6  
  75  6:37  Corruptor x3  
  75  6:39  Overlord  
  81  6:51  Hatchery  
  80  7:00  Zergling x4  
  80  7:01  Zergling x8  
  84  7:02  Overlord x2  
  84  7:15  Overlord x2  
  84  7:32  Corruptor x2, Mutalisk x2  
  82  7:59  Zerg Flyer Weapons Level 2  
  82  8:01  Corruptor x3  
  88  8:07  Infestation Pit  
  87  8:19  Drone x2  
  90  8:20  Drone x5  
  90  8:24  Drone  
  85  8:44  Zergling x6  
  85  8:45  Zergling x10  
  90  8:56  Zergling x4  
  90  8:57  Zergling x8  
  88  9:34  Zergling x4  
  88  9:35  Zergling x14  
  95  9:41  Hive  
  95  9:46  Corruptor x2  
  95  9:47  Zergling x2  
  95  9:52  Queen  
  102  9:59  Zerg Melee Weapons Level 1  
  102  10:14  Zergling x6  
  102  10:15  Corruptor x3, Zergling x6  
  102  10:16  Overlord x4  
  58  11:10  Zergling x2  
  58  11:11  Zergling x12  
  54  11:12  Zergling x12  
  58  11:28  Zergling x4  
Tags
 
Add a new tag
Caveats
  • Supply blocks, unpowered buildings, or Contaminate may cause inaccurate times.
  • Supply counts are checked every 10 seconds.